 Dungeon Crawl Stone Soup version 0.31.0-32-g396128a36d (webtiles) character file.

Game seed: 9598636862235653059

125 H0rd4k the Insei (level 5, -1/35 HPs)
             Began as an Octopode Artificer on Mar 19, 2024.
             Succumbed to an adder's poison
             ... on level 2 of the Dungeon.
             The game lasted 00:01:52 (2263 turns).

H0rd4k the Insei (Octopode Artificer)               Turns: 2263, Time: 00:01:54

Health: -1/35      AC:  1    Str: 12    XL:     5   Next: 9%
Magic:  14/14      EV: 13    Int: 15    God:
Gold:   59         SH:  0    Dex: 12    Spells: 4/4 levels left

rFire   . .          .
                       - Unarmed
rCold   . . .        (no shield)
rNeg    . . .        (helmet restricted)
rPois   .            (no amulet)
rElec   .            a - ring of magical power
rCorr   .            (no ring)
SInv    .            (no ring)
Will    .....        (no ring)
Stlth   +++          (no ring)
HPRegen 0.25/turn    (no ring)
MPRegen 0.14/turn    (no ring)
                     (no ring)

%: no passive effects
@: lethally poisoned (-1 -> -12)
A: almost no armour, amphibious, 8 rings, camouflage 1, gelatinous body 1,
(nimble swimmer 1), tentacles
a: no special abilities


You were on level 2 of the Dungeon.
You visited 1 branch of the dungeon, and saw 3 of its levels.

You collected 59 gold pieces.

Inventory:

Magical Staves
 i - a staff of air
Jewellery
 a - a ring of magical power (left tentacle)
Talismans
 p - a blade talisman
Wands
 b - a wand of flame (15) (quivered)
 c - a wand of charming (13)
 d - a wand of iceblast (5)
Scrolls
 e - a scroll of vulnerability {unknown}
 g - 2 scrolls of poison {unknown}
 h - a scroll of noise {unknown}
 j - a scroll of brand weapon {unknown}
 k - a scroll of enchant armour {unknown}
 m - 4 scrolls of identify {unknown}
 n - 2 scrolls of teleportation {unknown}
Potions
 f - 2 potions of curing {unknown}
 l - a potion of mutation {unknown}
 o - a potion of degeneration {unknown}
 q - a potion of resistance {unknown}


   Skills:
 + Level 2.7 Fighting
 - Level 2.3 Dodging
 - Level 1.3 Stealth
 + Level 3.4 Unarmed Combat
 - Level 3.2 Evocations
 * Level 0.7 Shapeshifting


You had 4 spell levels left.
You didn't know any spells.
Your spell library was empty.

Dungeon Overview and Level Annotations

Branches:
Dungeon (3/15)

Altars:

Shops:
D:3 (

Annotations:
D:2 1 runed translucent door, exclusion: door, Crazy Yiuf
D:3 Grinder


Innate Abilities, Weirdness & Mutations

You cannot wear most types of armour.
You are amphibious.
You can wear up to eight rings at the same time.
Your skin changes colour to match your surroundings (Stealth+).
Your rubbery body absorbs attacks. (AC +1, EV +1)
((You are camouflaged when in or above water. (Stealth+)))
You have tentacles for arms and can constrict up to eight enemies at once.


Message History

r - Retreat! s - Stop attacking. g - Guard the area. f - Follow me.
Anything else - Cancel.
Guard this area!
The adder bites your hobgoblin but does no damage.
Your hobgoblin barely misses the adder.
The adder barely misses your hobgoblin. Grinder closely misses your hobgoblin.
Your hobgoblin closely misses the adder.
The adder barely misses your hobgoblin. Grinder gestures at you.
Your hobgoblin suddenly stops moving!
The adder bites your hobgoblin. The adder bites your hobgoblin.
Grinder gestures at you.
Your hobgoblin writhes in agony!
Your hobgoblin dies!
There is a stone staircase leading up, spattered with blood here.
Grinder gestures at you.
You suddenly lose the ability to move!
You stop ascending the stairs.
The adder bites you.
You are poisoned.
The adder poisons you!
You feel sick. The adder bites you.
You are more poisoned.
The adder poisons you! Grinder gestures at you.
You shrug off the repeated paralysis!
You feel sick. The adder bites you.
* * * LOW HITPOINT WARNING * * *
You are lethally poisoned!
The adder poisons you!
You can move again.
* * * LOW HITPOINT WARNING * * *
You feel sick. The adder bites you.
* * * LOW HITPOINT WARNING * * *
You are more poisoned.
The adder poisons you! The adder misses you.
You climb upwards.
Level annotation: 1 runed translucent door, exclusion: door, Crazy Yiuf You die...

##.....................#
#.รท...#
#............###.##..###
#......
#.##.........#........#
###....
#.)........###......).#
#.... ########..##
#........# #.... #..#
#........######.... #..#
#.................. #<.#
#...............>.. ##.#
#.@.............).. ###
#.# #.S..).........####
#.###.# #.............##
## #..##.# ##.###........#
#. #..##.# ###.#
#........# ## ###..##.#
#...###........#
#......(#####...#........#
#..........##.#...<......#
#.#...##.#..###'###......#


You could see an adder.

Vanquished Creatures
  2 gnolls
  6 adders (D:2)
  3 ribbon worms (D:2)
  A dart slug (D:1)
  3 endoplasms
  2 giant cockroaches
  3 hobgoblins
  4 kobolds
  2 quokkas
  2 ball pythons
  5 bats
  3 frilled lizards
  2 rats (D:1)
38 creatures vanquished.

Vanquished Creatures (collateral kills)
  A gnoll (D:2)
1 creature vanquished.

Vanquished Creatures (others)
  A hobgoblin (D:3)
1 creature vanquished.

Grand Total: 40 creatures vanquished

Notes
Turn   | Place    | Note
-------+----------+-------------------------------------------
     0 | D:1      | H0rd4k the Octopode Artificer began the quest for the Orb.
     0 | D:1      | Reached XP level 1. HP: 13/13 MP: 1/1
   346 | D:1      | Reached XP level 2. HP: 10/19 MP: 2/2
   466 | D:1      | Reached skill level 1 in Unarmed Combat
  1108 | D:2      | Reached XP level 3. HP: 24/24 MP: 3/3
  1255 | D:2      | Reached XP level 4. HP: 29/30 MP: 4/4
  1379 | D:2      | Found a runed translucent door.
  1380 | D:2      | Noticed Crazy Yiuf
  1400 | D:2      | Found a faded altar of an unknown god.
  2073 | D:2      | Reached XP level 5. HP: 24/35 MP: 5/5
  2226 | D:3      | Found Tanifoh's Antique Weapon Shop.
  2230 | D:3      | Noticed Grinder
  2258 | D:3      | Paralysed by Grinder for 4 turns
  2263 | D:2      | Succumbed to an adder's poison

Illustrated notes

Levels and vault maps discovered:
D:1:      dpeg_arrival_central, layout_loops_corners
D:2:      layout_basic, shapermc_ecumenical_altar_flowoftime,
          kennysheep_another_room, uniq_crazy_yiuf_cottage
D:3:      layout_rooms, serial_shops, nicolae_diamond_shop,
          nicolae_shop_industrial_runoff, nicolae_shop_peninsula,
          nicolae_shop_waterfront, nicolae_shop_gibbet_a_chance,
          wad_floor_pattern_untrapped, uniq_grinder

Skill      XL: |  1  2  3  4 |
---------------+-------------+-----
Unarmed Combat | 1 2 3 |  3.4
Fighting       | 2 |  2.7
Dodging        | |  2.3
Stealth        | |  1.3
Evocations     | |  3.2
Shapeshifting  | |  0.7

Action                     |  1- 3 |  4- 6 || total
---------------------------+-------+-------++-------
  Melee: Unarmed           |    60 |    48 ||   108
         Constrict         |    17 |     8 ||    25
         Tentacles         |    15 |    11 ||    26
         Punch             |     2 |     2 ||     4
  Evoke: Wand              |       |     2 ||     2
   Stab: Sleeping          |     5 |     3 ||     8
 Armour: Skin              |    25 |    30 ||    55
  Dodge: Dodged            |    42 |    25 ||    67
